 Dungeon Crawl Stone Soup version 0.18-a0-1782-gb76a692 (webtiles) character file.

74 Lovchig the Shield-Bearer (level 4, -1/35 HPs)
             Began as a Formicid Fighter on Apr 17, 2016.
             Slain by Natasha (8 damage)
             ... on level 2 of the Dungeon.
             The game lasted 00:06:45 (1446 turns).

Lovchig the Shield-Bearer (Formicid Fighter)        Turns: 1446, Time: 00:06:46

Health: -1/35      AC:  7    Str: 21    XL:     4   Next: 54%
Magic:  4/4        EV:  8    Int:  8    God:
Gold:   87         SH:  9    Dex: 10    Spells: 0 memorised, 3 levels left

rFire  . . .     SeeInvis +     a - +0 flail
rCold  . . .     Gourm    .     b - +0 scale mail
rNeg   . . .     Faith    .     c - +0 shield
rPois  .         Spirit   .     (helmet unavailable)
rElec  .         Dismiss  .     (no cloak)
rCorr  .         Reflect  .     (no gloves)
SustAt .         Harm     .     (no boots)
MR     .....                    (no amulet)
Stlth  ..........               (no ring)
                                (no ring)

@: not resistant to hostile enchantments, extremely unstealthy
A: permanent stasis, dig shafts and tunnels, four strong arms, antennae 3
a: Dig, Shaft Self


You were on level 2 of the Dungeon.
You were near starving.

You visited 1 branch of the dungeon, and saw 2 of its levels.

You collected 87 gold pieces.

Inventory:

Hand Weapons
 a - a +0 flail (weapon)
 o - a +1 antimagic spear
Armour
 b - a +0 scale mail (worn)
 c - a +0 shield (worn)
Scrolls
 h - 2 scrolls of remove curse {unknown}
 l - a scroll of fog {unknown}
Potions
 d - a potion of might
 e - a potion of brilliance {unknown}
 g - 2 potions of heal wounds {unknown}
 i - 2 potions of magic {unknown}
 j - a potion of flight {unknown}
Comestibles
 f - 2 bread rations
 k - a slice of pizza
 m - a beef jerky
 n - a meat ration


   Skills:
 + Level 3.4 Fighting
 + Level 2.6 Maces & Flails
 + Level 4.0 Armour
 + Level 1.2 Dodging
 + Level 4.3 Shields


You had 3 spell levels left.
You didn't know any spells.

Dungeon Overview and Level Annotations

Branches:
Dungeon (2/15)

Altars:
Gozag
Pakellas
Qazlal
The Shining One

Annotations:
D:2 Natasha


Innate Abilities, Weirdness & Mutations

You are under a permanent stasis effect.
You can dig through walls and to a lower floor.
Your four strong arms can wield two-handed weapons with a shield.
You have a pair of large antennae on your head (SInv).


Message History

The shadow imp is severely wounded.
The shadow imp gestures at you. Pain shoots through your body!
Natasha barely misses you. You block the shadow imp's attack.
You completely miss the shadow imp.
The shadow imp is severely wounded.
Natasha casts a spell.
The shadow imp hits you but does no damage.
Natasha stares at you and mumbles some strange words.
The magic dart hits you!
* * * LOW HITPOINT WARNING * * *
You hit Natasha but do no damage. You block the shadow imp's attack.
Natasha barely misses you.
You barely miss Natasha.
The shadow imp shouts, "Slither away, thou currish tip-merry ratsbane!"
The shadow imp hits you.
* * * LOW HITPOINT WARNING * * *
Natasha closely misses you. You block the crimson imp's attack.
You barely miss Natasha. You block the shadow imp's attack. Natasha claws you!
You die...

.##..####......# .##..#
##......#. )##..##
.....##...
....<.#..###.#...##
#.......####.#....#####
.†....###.......... ..#
...#....#. #......# #.#
...........#...h..# #.#
#.###.####.#..$5@.# #.#
#.# .. #.....5.†# #.# {
#.# #.#
##.......###.### #.# .#
##............### #.
#.## #.....####.....#
#. #..# #..#...
##....## .# ##†##
##...#..# ###...# (.
#..## ###..... #...##
#. ##..# ##.##.##
###..####.


You could see Natasha, a crimson imp and a shadow imp.

Vanquished Creatures
  Natasha (D:2)
  A worm (D:2)
  2 dart slugs (D:2)
  A giant gecko (D:2)
  5 giant cockroaches
  9 hobgoblins
  A quokka (D:2)
  10 bats
  4 goblins
  5 kobolds
  3 rats
42 creatures vanquished.

Notes
Turn   | Place    | Note
--------------------------------------------------------------
     0 | D:1      | Lovchig the Formicid Fighter began the quest for the Orb.
     0 | D:1      | Reached XP level 1. HP: 18/18 MP: 1/1
   480 | D:1      | Reached XP level 2. HP: 20/24 MP: 2/2
   992 | D:2      | Reached XP level 3. HP: 27/29 MP: 3/3
  1052 | D:2      | Found an opulent altar of Gozag.
  1057 | D:2      | Found a glowing golden altar of the Shining One.
  1226 | D:2      | Found an oddly glowing altar of Pakellas.
  1292 | D:2      | Found a stormy altar of Qazlal.
  1336 | D:2      | Reached skill level 1 in Dodging
  1337 | D:2      | Noticed Natasha
  1349 | D:2      | Killed Natasha
  1349 | D:2      | Reached XP level 4. HP: 32/35 MP: 4/4
  1436 | D:2      | Noticed Natasha
  1446 | D:2      | Slain by Natasha

Vault maps used:
D:1:      onia_arrival_pentagram
D:2:      grunt_qazlal_clouds, old_standard_altar, lemuel_round_altar,
          minitemple, uniq_natasha, uniq_jessica

Skill      XL: |  1  2  3 |
---------------+----------+-----
Shields        | 4 |  4.3
Dodging        | 1 |  1.2
Armour         | 4 |  4.0
Fighting       | |  3.4
Maces & Flails | |  2.6

Action                   |  1- 3 |  4- 6 || total
-------------------------+-------+-------++-------
Melee: Flail             |   120 |    22 ||   142
Armor: Scale mail        |    67 |     5 ||    72
Dodge: Dodged            |    45 |    10 ||    55
Block: Shield            |    81 |    17 ||    98
